 Dungeon Crawl Stone Soup version 0.30-a0-253-g6b895097cc (webtiles) character file.

Game seed: 6722307058351944444

12873 Morbidden the Cleaver (level 11, -1/94 HPs)
             Began as a Minotaur Fighter on Oct 13, 2022.
             Was a High Priest of Okawaru.
             Slain by a cane toad (19 damage)
             ... on level 1 of the Lair of Beasts.
             The game lasted 00:15:20 (11658 turns).

Morbidden the Cleaver (Minotaur Fighter)           Turns: 11658, Time: 00:15:20

Health: -1/94      AC: 11    Str: 30    XL:     11   Next: 68%
Magic:  15/15      EV: 20    Int:  2    God:    Okawaru [*****.]
Gold:   2293       SH:  5    Dex:  8    Spells: 17/17 levels left

rFire   . . .      SeeInvis .    a - +6 broad axe
rCold   + . .      Faith    .    c - +0 buckler
rNeg    . . .      Spirit   .    r - +3 ring mail {rC+}
rPois   .          Reflect  .    (helmet restricted)
rElec   +          Harm     .    f - +0 cloak
rCorr   .          Rampage  .    (no gloves)
Will    .....                    (no boots)
Stlth   +.........               (no amulet)
HPRegen 0.35/turn                K - +4 ring of evasion
MPRegen 0.14/turn                P - +4 ring of evasion

@: studying 2 skills
A: horns 2, retaliatory headbutt, dopey 1, electricity resistance, strong 1
a: Renounce Religion, Heroism, Finesse, Duel


You were on level 1 of the Lair of Beasts.
You worshipped Okawaru.
Okawaru was extremely pleased with you.
You visited 3 branches of the dungeon, and saw 12 of its levels.
You also visited: Ossuary and Bailey.

You collected 2293 gold pieces.

Inventory:

Hand Weapons
 a - a +6 broad axe (weapon)
 b - a +0 morningstar
 y - a +0 trident
Missiles
 j - 2 throwing nets
 w - 12 poisoned darts (quivered)
 H - 17 boomerangs
 O - 5 javelins
Armour
 c - a +0 buckler (worn)
 f - a +0 cloak (worn)
 r - a +3 ring mail of cold resistance (worn)
 L - a +0 plate armour
Jewellery
 g - a ring of protection from fire
 u - a ring of resist corrosion
 z - a +6 ring of dexterity
 C - a ring of flight
 K - a +4 ring of evasion (left hand)
 P - a +4 ring of evasion (right hand)
Wands
 p - a wand of iceblast (13)
 F - a wand of quicksilver (15)
Scrolls
 k - 6 scrolls of identify
 n - a scroll of poison
 o - 4 scrolls of butterflies
 s - 7 scrolls of teleportation
 D - 2 scrolls of noise
 E - 2 scrolls of enchant armour
 N - a scroll of summoning
Potions
 d - 5 potions of might
 e - 3 potions of invisibility {unknown}
 h - 5 potions of mutation
 i - 6 potions of brilliance
 l - 6 potions of curing
 m - 3 potions of degeneration {unknown}
 q - 2 potions of lignification
 t - a potion of heal wounds
 v - 2 potions of cancellation {unknown}
 A - 2 potions of resistance {unknown}
 B - 2 potions of flight {unknown}
 G - a potion of berserk rage {unknown}
 I - 3 potions of haste {unknown}
 J - 4 potions of attraction {unknown}
 M - a potion of ambrosia {unknown}
Miscellaneous
 x - a phantom mirror


   Skills:
 * Level 8.3 Fighting
 * Level 12.9(13.2) Axes
 * Level 4.4(9.4) Maces & Flails
 * Level 2.4 Throwing
 * Level 8.4 Armour
 * Level 6.0 Dodging
 + Level 1.2 Stealth
 * Level 7.6 Shields
 * Level 3.6 Spellcasting
 * Level 2.6 Air Magic
 * Level 4.1 Invocations
 * Level 4.3 Evocations


You had 17 spell levels left.
You didn't know any spells.
Your spell library contained the following spells:

 Spells                   Type           Power      Damage    Failure   Level
 Freeze                   Ice            0%         1d3       61%         1
 Sandblast                Erth           0%         2d4       61%         1
 Passwall                 Tmut/Erth      0%         N/A       75%         2
 Frozen Ramparts          Ice            0%         1d1       93%         3
 Gell's Gravitas          Tloc           0%         N/A       93%         3
 Hailstorm                Conj/Ice       0%         3d3       93%         3
 Portal Projectile        Hex/Tloc       0%         N/A       93%         3
 Stone Arrow              Conj/Erth      0%         3d7       93%         3
 Teleport Other           Tloc           0%         N/A       93%         3
 Leda's Liquefaction      Hex/Erth       0%         N/A       100%        4
 Passage of Golubria      Tloc           0%         N/A       100%        4
 Yara's Violent Unravell  Hex/Tmut       0%         3d3       100%        5
 Dispersal                Tloc           0%         N/A       100%        6
 Enfeeble                 Hex            0%         N/A       100%        7
 Call Canine Familiar     Summ           Unusable   N/A       N/A         3
 Tukima's Dance           Hex            Unusable   N/A       N/A         3

Dungeon Overview and Level Annotations

Branches:
Dungeon (10/15)            Temple (1/1) D:5            Lair (1/5) D:9
Ossuary (visited)          Bailey (visited)
    Orc: D:9-12

Altars:
Ashenzari
Cheibriados
Dithmenos
Elyvilon
Fedhas
Gozag
Hepliaklqana
Kikubaaqudgha
Makhleb
Nemelex Xobeh
Okawaru
Qazlal
Ru
Sif Muna
Trog
Uskayaw
Vehumet
Wu Jian
Xom
Yredelemnul
Zin
The Shining One

Annotations:
D:5 1 runed translucent door
D:9 1 runed translucent door


Innate Abilities, Weirdness & Mutations

You have a pair of horns on your head.
You reflexively headbutt those who attack you in melee.
You are dopey. (Int -2)
You are resistant to electric shocks. (rElec)
Your muscles are strong. (Str +4, Int/Dex -1)


Message History

You completely miss the water moccasin. You block the water moccasin's attack.
You closely miss the water moccasin. You block the water moccasin's attack.
You barely miss the water moccasin. You headbutt the water moccasin!
The water moccasin is heavily wounded.
You block the water moccasin's attack. The water moccasin bites you!
You are poisoned.
The water moccasin poisons you!
You hit the water moccasin.
The water moccasin is severely wounded.
You feel very sick. You block the water moccasin's attack.
You closely miss the water moccasin.
The water moccasin is severely wounded.
You feel very sick. You block the water moccasin's attack.
You slice the water moccasin!!
You kill the water moccasin!
Okawaru accepts your kill.
You feel sick.
Your Dodging skill increases to level 6!
You feel sick.
You see here a water moccasin corpse.
You feel sick.
Found a potion of mutation.
You feel sick.
You feel sick.
Found 5 gold pieces.
You feel sick.
You feel sick.
A cane toad comes into view.
You feel sick.
You are no longer poisoned.
The cane toad croaks.
The cane toad stings you!!
* * * LOW HITPOINT WARNING * * *
The cane toad completely misses you.
Found a potion of brilliance.
You see here a potion of mutation.
You slash the cane toad!
The cane toad is heavily wounded.
The cane toad stings you!!
You die...

#.. ##....##
#... ..#
##....####
#...# .#
##......# #...#
##....###...#
##....#...#
##......#
#.....#.#
##...F##
#....@#
#............
P..$...........
.........#.####
.........####
...##....# ..
#..... #.!..#


You could see a cane toad.

Vanquished Creatures
  An orc warlord (Bailey)
  4 two-headed ogres
  Pikel (D:4)
  A black mamba (Lair:1)
  A komodo dragon (D:10)
  2 trolls (D:10)
  5 blink frogs (Lair:1)
  Sigmund (D:3)
  A shadow (D:10)
  A vampire (D:9)
  2 wyverns
  12 yaks
  4 vampire mosquitoes (D:10)
  3 steam dragons
  2 water moccasins
  6 orc warriors
  2 black bears
  An ice beast (D:3)
  2 ogres
  2 centaurs
  A lemure (D:4)
  A phantom (D:5)
  2 kobold brigands
  An elf zombie (Ossuary)
  3 scorpions (D:6)
  2 bullfrogs
  4 necrophages
  8 wights
  8 killer bees (D:9)
  3 jellies
  4 human zombies (Ossuary)
  5 orc priests
  A hound (D:5)
  3 iguanas
  6 orc wizards
  Ijyb (D:3)
  A hound zombie (Ossuary)
  4 mummies (Ossuary)
  10 adders
  A shadow imp (D:6)
  2 worm zombies (D:5)
  5 worms
  The ghost of dupek999 the Sneak, a weakling DsDe (D:5)
  2 dart slugs
  31 orcs
  8 bats
  7 endoplasms
  3 giant cockroaches
  16 hobgoblins
  2 jackals (D:1)
  30 kobolds
  6 quokkas
  8 ball pythons
  4 frilled lizards
  12 goblins
  2 goblin zombies (Ossuary)
  A hobgoblin zombie (Ossuary)
  2 jackal skeletons (D:9)
  2 jackal zombies
  2 kobold zombies
  2 orc zombies
  9 rats
280 creatures vanquished.

Vanquished Creatures (others)
  An orc wizard (D:7)
  3 plants
4 creatures vanquished.

Grand Total: 284 creatures vanquished

Notes
Turn   | Place    | Note
-------+----------+-------------------------------------------
     0 | D:1      | Morbidden the Minotaur Fighter began the quest for the Orb.
     0 | D:1      | Reached XP level 1. HP: 19/19 MP: 0/0
    33 | D:1      | Reached XP level 2. HP: 27/27 MP: 1/1
   235 | D:1      | Reached XP level 3. HP: 32/33 MP: 2/2
   270 | D:1      | Reached skill level 3 in Axes
   471 | D:2      | Reached skill level 1 in Dodging
   737 | D:2      | Reached XP level 4. HP: 40/40 MP: 3/3
  1332 | D:3      | Noticed Ijyb
  1340 | D:3      | Killed Ijyb
  1461 | D:3      | Reached skill level 4 in Axes
  1467 | D:3      | Reached XP level 5. HP: 46/46 MP: 5/5
  1468 | D:3      | Noticed an ice beast
  1484 | D:3      | Killed an ice beast
  1485 | D:3      | Reached skill level 1 in Spellcasting
  1765 | D:3      | Reached XP level 6. HP: 31/52 MP: 6/6
  2023 | D:3      | Reached skill level 5 in Axes
  2082 | D:3      | Noticed Sigmund
  2088 | D:3      | Killed Sigmund
  2089 | D:3      | Reached skill level 1 in Evocations
  2089 | D:3      | Reached XP level 7. HP: 59/60 MP: 6/8
  2383 | D:3      | You fall into a shaft and drop 2 floors!
  2383 | D:5      | Entered Level 5 of the Dungeon
  2480 | D:5      | Reached skill level 5 in Armour
  2502 | D:5      | Reached skill level 6 in Axes
  2516 | D:5      | Found a runed translucent door.
  2528 | D:5      | Noticed dupek999's ghost (weakling DsDe)
  2593 | D:5      | Found a sand-covered staircase.
  2607 | D:5      | Found a staircase to the Ecumenical Temple.
  2614 | Temple   | Entered the Ecumenical Temple
  2648 | Temple   | Became a worshipper of Warmaster Okawaru
  2697 | Ossuary  | Entered an ossuary
  2719 | Ossuary  | Reached skill level 7 in Axes
  2719 | Ossuary  | Reached skill level 5 in Shields
  3163 | Ossuary  | Reached skill level 5 in Fighting
  3163 | Ossuary  | Reached XP level 8. HP: 68/68 MP: 9/9
  3447 | D:5      | Reached * piety under Okawaru
  3448 | D:5      | Reached skill level 1 in Invocations
  3837 | D:5      | Found a burning altar of Makhleb.
  3897 | D:5      | Reached skill level 8 in Axes
  4375 | D:5      | Found a runed translucent door.
  4499 | D:5      | Killed dupek999's ghost
  4780 | D:4      | Found an opulent altar of Gozag.
  5022 | D:4      | Noticed Pikel
  5034 | D:4      | Killed Pikel
  5034 | D:4      | Reached ** piety under Okawaru
  5273 | D:4      | Reached skill level 9 in Axes
  5285 | D:4      | Reached XP level 9. HP: 72/74 MP: 11/11
  6171 | D:6      | Identified a scroll of acquirement
  6173 | D:6      | Acquired 1279 gold pieces
  6185 | D:6      | Identified the +2 hand axe "Itumien" {vorpal, rF- Will++}
  7135 | D:8      | Reached skill level 10 in Axes
  7141 | D:8      | Reached *** piety under Okawaru
  7142 | D:8      | Reached skill level 1 in Maces & Flails
  7334 | D:8      | Reached skill level 1 in Stealth
  7342 | D:8      | HP: 3/75 [yak (10)]
  7343 | D:8      | Gained mutation: You are dopey. (Int -2) [potion of
                  | mutation]
  7343 | D:8      | Gained mutation: Your muscles are strong. (Str +4, Int/Dex
                  | -1) [potion of mutation]
  7343 | D:8      | Gained mutation: You are resistant to electric shocks.
                  | (rElec) [potion of mutation]
  7361 | D:8      | Reached XP level 10. HP: 28/83 MP: 12/12
  7664 | D:8      | Reached **** piety under Okawaru
  7671 | D:8      | Reached skill level 5 in Dodging
  8204 | D:9      | Found a glowing silver altar of Zin.
  8204 | D:9      | Found a shimmering altar of Xom.
  8204 | D:9      | Noticed an angel
  8220 | D:9      | Found a flagged portal.
  8226 | D:9      | Found a staircase to the Lair.
  8295 | Bailey   | Entered a bailey
  8314 | Bailey   | Noticed an orc warlord
  8348 | Bailey   | Reached skill level 11 in Axes
  8599 | Bailey   | Found a runed translucent gate.
  8600 | Bailey   | Found a runed translucent gate.
  8602 | Bailey   | Found a runed translucent gate.
  8731 | Bailey   | Killed an orc warlord
  8817 | Bailey   | Acquired a manual of Air Magic
  8848 | D:9      | Found a hazy altar of Hepliaklqana.
  8862 | D:9      | Noticed a two-headed ogre
  8870 | D:9      | Killed a two-headed ogre
  9029 | D:9      | Found a runed translucent door.
  9046 | D:9      | Found a basalt altar of Yredelemnul.
  9053 | D:9      | Reached ***** piety under Okawaru
  9093 | D:9      | Noticed a two-headed ogre
  9108 | D:9      | Killed a two-headed ogre
  9108 | D:9      | Received a gift from Okawaru
  9109 | D:9      | Reached skill level 1 in Air Magic
  9227 | D:9      | Found a blossoming altar of Fedhas.
  9256 | D:9      | Reached XP level 11. HP: 82/92 MP: 14/14
  9386 | D:9      | Found a white marble altar of Elyvilon.
  9388 | D:9      | Found an ancient bone altar of Kikubaaqudgha.
  9512 | D:9      | Reached skill level 12 in Axes
  9926 | D:10     | Entered Level 10 of the Dungeon
  9937 | D:10     | Noticed a two-headed ogre
  9939 | D:10     | Reached skill level 1 in Throwing
  9940 | D:10     | Identified the +1 robe of Zoleul {rF+ Str-4 Int+3 Stlth+}
                  | (Okawaru gifted it to you on level 10 of the Dungeon)
  9940 | D:10     | Received a gift from Okawaru
  9947 | D:10     | Killed a two-headed ogre
  9953 | D:10     | Noticed a two-headed ogre
 10809 | D:10     | Found a snail-covered altar of Cheibriados.
 10964 | D:10     | Killed a two-headed ogre
 10997 | D:10     | Acquired a manual of Shields
 11422 | D:10     | Identified the +0 robe of the Swamp {-Cast rN++ rCorr
                  | Dex+8}
 11525 | Lair:1   | Entered Level 1 of the Lair of Beasts
 11658 | Lair:1   | Slain by a cane toad

Illustrated notes

Levels and vault maps discovered:
D:1:      lightli_arrival_statuegarden, layout_rooms
D:2:      layout_basic, serial_park_tiny_pond
D:3:      minmay_razor_zed, layout_basic, serial_park_tiny_2, uniq_sigmund,
          uniq_ijyb
D:4:      layout_basic, grunt_gozag_breadcrumbs,
          amcnicky_mini_rare_corridor_liquid, uniq_pikel
D:5:      layout_layer_cave, lightli_temple_of_fire,
          minmay_temple_entry_gardened_gates, enter_ossuary_3,
          ebering_ghost_sewer_f
D:6:      layout_basic
D:7:      layout_basic
D:8:      wander_river, layout_rooms, minmay_diced_spiral
D:9:      layout_loops_cross, grunt_temple_overflow_order_and_chaos_1,
          mainiacjoe_overflow_alcove_1, nicolae_hepliaklqana_hazy_memory,
          dk_yredelemnul_ordeal, grunt_temple_overflow_open, enter_bailey_2,
          grunt_decor_cap
D:10:     layout_cave_pools, mainiacjoe_overflow_brackets, minivault_5
Temple:   nicolae_temple_godzebo
Lair:1:   layout_hall_layers, nicolae_volcano_entry_lava_flow,
          grunt_megastairs_1

Skill      XL: |  1  2  3  4  5  6  7  8  9 10 11 |
---------------+----------------------------------+-----
Shields        | 4 5 6 7 |  7.6
Armour         | 4 5 6 7 8 |  8.4
Axes           | 3 4 5 7 9 10 11 12 | 12.9
Fighting       | 4 5 6 7 8 |  8.3
Dodging        | 1 2 4 5 6 |  6.0
Spellcasting   | 1 2 3 |  3.6
Evocations     | 1 2 3 4 |  4.3
Invocations    | 1 2 3 4 |  4.1
Maces & Flails | 2 3 4 |  4.4
Stealth        | 1 |  1.2
Air Magic      | 1 2 |  2.6
Throwing       | 2 |  2.4

Action                   |  1- 3 |  4- 6 |  7- 9 | 10-12 || total
-------------------------+-------+-------+-------+-------++-------
Melee: War axe           |    84 |   112 |   271 |    86 ||   553
       Headbutt          |     6 |    16 |    45 |    32 ||    99
       Broad axe         |       |       |       |   121 ||   121
Throw: Dart              |       |       |       |    20 ||    20
       Boomerang         |       |       |       |     7 ||     7
       Throwing net      |       |       |       |     2 ||     2
Invok: Heroism           |       |       |       |     3 ||     3
       Finesse           |       |       |       |     1 ||     1
Evoke: Wand              |       |       |       |     1 ||     1
  Use: Scroll            |       |       |    12 |    11 ||    23
       Potion            |       |       |     6 |     3 ||     9
Armor: Scale mail        |    50 |     8 |       |       ||    58
       Ring mail         |       |    50 |   112 |    50 ||   212
       Skin              |       |       |    13 |     7 ||    20
       Plate armour      |       |       |       |     5 ||     5
Dodge: Dodged            |    40 |    42 |   154 |   119 ||   355
Block: Buckler           |    24 |    20 |    53 |    66 ||   163

Table legend: (Time is in decaauts)
 A = Elapsed time spent in this place.
 B = Non-inter-level travel time spent in this place.
 C = Inter-level travel time spent in this place.
 D = Time resting spent in this place.
 E = Time spent auto-exploring this place.
 F = Levels seen in this place.
 G = Mean time per level.
                   A        B        C        D        E       F      G
               +--------+--------+--------+--------+--------+-----+--------+
         Total |  11803 |  11181 |    622 |   1980 |   6906 |  14 |  843.1 |
       Dungeon |  10533 |   9913 |    620 |   1595 |   6498 |  10 | 1053.3 |
        Temple |     70 |     68 |      2 |      0 |      0 |   1 |   70.0 |
          Lair |    131 |    131 |      0 |      0 |      0 |   1 |  131.0 |
       Ossuary |    537 |    537 |      0 |    329 |     95 |   1 |  537.0 |
        Bailey |    530 |    530 |      0 |     56 |    313 |   1 |  530.0 |
               +--------+--------+--------+--------+--------+-----+--------+

Top non-repeatable levels by time:
     D:9: 1941 daAuts
     D:5: 1621 daAuts
     D:3: 1254 daAuts
     D:8: 1190 daAuts
     D:4: 1171 daAuts
     D:2: 917 daAuts
    D:10: 747 daAuts
     D:6: 679 daAuts
     D:7: 555 daAuts
 Ossuary: 537 daAuts
  Bailey: 530 daAuts
     D:1: 454 daAuts
  Lair:1: 131 daAuts
  Temple: 70 daAuts
